AoeStats
← Thranduil16

Lombardia

509773737Analyzed
2v2 RM · 5d ago on Sep 28, 2026· 37m 37s· 4 players
Game mode
Random Map
Map size
Medium (4 player)
Population
200
Speed
Normal
Resources
Standard
Victory
Conquest
Starting age
Dark Age
Ending age
Imperial Age
RankedLock teamsTeams togetherTeam positionsShared explorationLock speedFull tech treeHidden civsTurbo modeCheats
Victory
Defeat
🇺🇸 Burgundians · United States
1088
+14
🇺🇸 Danes · United States
1038
+16
🇦🇷 Persians · Argentina
1052
-15
🇦🇷 Cumans · Argentina
1050
-15
iva5ns
6:37 Loom
9:13 Feudal Age
12:08 Forging
16:05 Bloodlines
20:34 Double-Bit Axe
21:59 Wheelbarrow
24:14 Castle Age
24:18 Horse Collar
24:51 Town Watch
25:22 Heavy Plow
25:40 Hand Cart
34:48 Imperial Age
34:40 Iron Casting
34:11 Scale Barding Armor
34:51 Cavalier
34:52 Light Cavalry
36:40 Blast Furnace
37:20 Chain Barding Armor
Hijo de la Noche
7:13 Loom
9:56 Feudal Age
12:05 Double-Bit Axe
13:16 Forging
13:55 Scale Barding Armor
16:55 Horse Collar
24:22 Castle Age
25:53 Bow Saw
25:46 Heavy Plow
27:49 Stone Mining
27:51 Gold Mining
29:33 Stone Shaft Mining
29:38 Gold Shaft Mining
29:22 Town Watch
30:12 Wheelbarrow
33:20 Pikeman
Thranduil16
10:53 Feudal Age
11:28 Double-Bit Axe
11:25 Horse Collar
11:44 Loom
11:45 Town Watch
11:54 Gold Mining
22:12 Castle Age
22:47 Forging
22:37 Scale Mail Armor
22:42 Scale Barding Armor
22:43 Pikeman
24:05 Heavy Plow
25:31 Stone Mining
26:23 Pikeman
28:39 Bow Saw
30:05 Gold Shaft Mining
37:34 Imperial Age
36:42 Stone Shaft Mining
37:01 Wheelbarrow
36:24 Hamask
38:48 Iron Casting
38:28 Chain Mail Armor
Holy Order of PIZZASALAD
10:05 Feudal Age
8:20 Loom
10:09 Double-Bit Axe
11:15 Bow Saw
13:49 Scale Barding Armor
24:51 Castle Age
24:54 Forging
25:34 Husbandry
27:26 Two-Man Saw
26:11 Horse Collar
27:18 Chain Barding Armor
26:50 Town Watch
27:40 Wheelbarrow
27:51 Stone Mining
27:51 Gold Mining
27:46 Cavalier
28:53 Gold Mining
28:46 Light Cavalry
30:36 Gold Shaft Mining
32:39 Hand Cart
35:38 Heavy Plow
37:10 Crop Rotation
Connection lost

Rejoining the realm…

Still unreachable

The connection could not be restored.

Session expired

The server has moved on; the page needs a fresh start.